 Dungeon Crawl Stone Soup version 0.21.1-1-g345015f (webtiles) character file.

6785 troglodite the Protected (level 10, -9/80 HPs)
             Began as a Demonspawn Berserker on Mar 12, 2018.
             Was a High Priest of Trog.
             Mangled by an ice devil (22 damage)
             ... on level 3 of the Abyss.
             The game lasted 00:29:32 (9163 turns).

troglodite the Protected (Demonspawn Berserker)     Turns: 9163, Time: 00:29:33

Health: -9/80      AC: 17    Str: 18    XL:     10   Next: 76%
Magic:  10/10      EV: 13    Int: 12    God:    Trog [*****.]
Gold:   304        SH:  0    Dex: 16    Spells: 9/9 levels left

rFire    + + .     SeeInvis .   J - +11 falchion of Due Proportion {slice, +Inv rF+ Int+4}
rCold    . . .     Gourm    .   (no shield)
rNeg     . . .     Faith    .   k - +0 chain mail
rPois    +         Spirit   .   (helmet restricted)
rElec    .         Reflect  .   (no cloak)
rCorr    .         Harm     .   I - +0 pair of gloves
MR       .....                  H - +1 pair of boots {Fly}
Stlth    +.........             (no amulet)
HPRegen  0.23/turn              f - +3 ring of evasion
MPRegen  0.12/turn              M - ring of poison resistance

@: berserk cooldown, flying
A: horns 2, icy blue scales 1, fire resistance 1, nightstalker 1, powered by
pain 1
a: Berserk, Trog's Hand, Brothers in Arms, Burn Spellbooks, Renounce Religion,
Evoke Invisibility, Stop Flying


You were on level 3 of the Abyss.
You worshipped Trog.
Trog was extremely pleased with you.
You were not hungry.

You visited 1 branch of the dungeon, and saw 9 of its levels.
You visited the Abyss 1 time.
You also visited: Ossuary.

You collected 598 gold pieces.
You spent 294 gold pieces at shops.

Inventory:

Hand Weapons
 B - a +6 rapier of speed
 J - the +11 falchion of Due Proportion (weapon) {slice, +Inv rF+ Int+4}
   (You found it on level 8 of the Dungeon)

   It inflicts extra damage upon your enemies.
   It affects your intelligence (+4).
   It protects you from fire.
   It lets you turn invisible.
 N - a +6 long sword of draining
Armour
 k - a +0 chain mail (worn)
 H - a +1 pair of boots of flying (worn)
 I - a +0 pair of gloves (worn)
Jewellery
 a - an uncursed amulet of regeneration {unknown}
 b - an uncursed ring of see invisible
 f - a +3 ring of evasion (left hand)
 M - a ring of poison resistance (right hand)
Wands
 h - a wand of paralysis (6)
 r - a wand of polymorph (12)
 z - a wand of disintegration (13)
 C - a wand of acid (5)
 L - a wand of random effects (9)
Scrolls
 n - 6 scrolls of remove curse
 s - 3 scrolls of enchant armour {unknown}
 t - 5 scrolls of teleportation {unknown}
 w - 2 scrolls of magic mapping {unknown}
 x - 2 scrolls of blinking
 y - 3 scrolls of enchant weapon {unknown}
 A - a scroll of random uselessness {unknown}
 D - 2 scrolls of noise {unknown}
 E - a scroll of fear {unknown}
 F - 2 scrolls of identify
 K - 2 scrolls of fog {unknown}
Potions
 d - 4 potions of agility
 e - 4 potions of heal wounds
 g - a potion of brilliance {unknown}
 i - 3 potions of degeneration {unknown}
 j - 3 potions of berserk rage {unknown}
 l - 2 potions of resistance
 m - 2 potions of curing
 o - 3 potions of magic
 p - 5 potions of lignification
 q - 5 potions of flight
 u - a potion of haste {unknown}
 v - a potion of experience {unknown}
Comestibles
 c - 13 rations


   Skills:
 * Level 7.8 Fighting
 + Level 6.9(7.6) Short Blades
 + Level 4.9(6.6) Long Blades
 * Level 9.1 Armour
 * Level 5.6 Dodging
 * Level 3.7 Stealth


You had 9 spell levels left.
You didn't know any spells.

Dungeon Overview and Level Annotations

Branches:
Dungeon (9/15)             Temple (0/1) D:6            Lair (0/6) D:9
    Orc: D:9-12

Altars:
Ashenzari
Cheibriados
Kikubaaqudgha
Makhleb
Qazlal
Ru
Uskayaw
Vehumet
The Shining One

Shops:
D:7 [


Innate Abilities, Weirdness & Mutations

You have a pair of horns on your head.
You are partially covered in icy blue scales. (AC +2)
Your flesh is heat resistant. (rF+)
You are slightly more attuned to the shadows.
You sometimes gain a little power by taking damage.


Message History

You see here 58 gold pieces.
You now have 304 gold pieces (gained 58).
The ynoxinul bellows!
An ice devil comes into view.
The ynoxinul gestures.
The ufetubus closely misses you.
You riposte.
You miss the ufetubus. The ufetubus closely misses you.
The ufetubus barely misses you.
You riposte.
You slash the ufetubus!
You kill the ufetubus!
You feel yourself speed up.
You hit the ice devil.
The ice devil is lightly wounded.
The ice devil hits you!
* * * LOW HITPOINT WARNING * * *
The ice devil freezes you!
* * * LOW HITPOINT WARNING * * *
You feel much better. The ice devil hits you!
* * * LOW HITPOINT WARNING * * *
The ice devil freezes you!!
You die...

### .#
#####..##[.#.
#.453.........
#@##.#.....#
.# ###..3##
'..#.. ###.
........ ## .
... 3##.#.##.#
#######5......
...## .....#
.... .
.......# # ...
. ..#... .# #
# . ###...
.......


You could see an ice devil, a ynoxinul and an ufetubus.

Vanquished Creatures
  A sun demon (Abyss:3)
  The ghost of Ferkelamun the Skirmisher, a novice GnWn (D:5)
  An ancient zyme (Abyss:2)
  Prince Ribbit (D:8)
  The ghost of letownia2 the Spear-Bearer, an amateur MfSk (D:4)
  A spriggan (D:8)
  A ynoxinul (Abyss:2)
  Grum (D:8)
  Menkaure (D:6)
  2 small abominations
  Duvessa (D:5)
  2 hell hounds (D:9)
  An orc warrior (D:6)
  A black bear (D:9)
  2 phantoms
  2 ogres
  4 centaurs
  A large abomination (Abyss:2)
  2 wolves (D:8)
  Blork the orc (D:6)
  An elf zombie (Ossuary)
  3 bullfrogs
  A wyvern zombie (D:8)
  A water moccasin zombie (D:7)
  A scorpion (D:8)
  6 killer bees (D:7)
  12 wights
  A howler monkey (D:4)
  2 centaur zombies (Ossuary)
  5 crimson imps
  2 hounds
  A human zombie (Ossuary)
  4 orc priests
  3 bullfrog skeletons
  6 orc wizards
  2 iguanas
  Jessica (D:3)
  A centaur skeleton (D:4)
  6 worker ants
  A big kobold zombie (Ossuary)
  3 ogre zombies (Ossuary)
  8 mummies
  Robin (D:3)
  A worker ant zombie (D:6)
  A howler monkey skeleton (D:7)
  4 gnolls (D:3)
  8 adders
  3 shadow imps
  2 oozes
  5 adder zombies
  An adder skeleton (D:7)
  3 worms (D:2)
  3 dart slugs
  5 leopard geckos
  25 orcs
  2 ball pythons
  A bat skeleton (D:2)
  6 giant cockroaches
  A gnoll zombie (Ossuary)
  15 goblins
  10 hobgoblins
  3 jackals
  6 kobolds
  2 quokkas (D:3)
  A ball python skeleton (D:2)
  7 bats
  2 frilled lizards (D:1)
  6 goblin zombies (Ossuary)
  4 hobgoblin zombies (Ossuary)
  A jackal skeleton (D:4)
  4 kobold zombies
  A leopard gecko skeleton (D:7)
  3 orc zombies (D:6)
  2 quokka skeletons
  A quokka zombie (Ossuary)
  6 rats
  3 rat zombies (Ossuary)
248 creatures vanquished.

Vanquished Creatures (collateral kills)
  A thrashing horror (Abyss:3)
  A large abomination (Abyss:3)
2 creatures vanquished.

Vanquished Creatures (others)
  Dowan (D:5)
  A worker ant (D:5)
2 creatures vanquished.

Grand Total: 252 creatures vanquished

Notes
Turn   | Place    | Note
-------+----------+-------------------------------------------
     0 | D:1      | troglodite the Demonspawn Berserker began the quest for the Orb.
     0 | D:1      | Reached XP level 1. HP: 18/18 MP: 1/1
   351 | D:1      | Gained mutation: You are partially covered in icy blue scales. (AC +2) [demonic ancestry]
   351 | D:1      | Reached XP level 2. HP: 24/24 MP: 2/2
   391 | D:1      | Reached skill level 2 in Armour
  1171 | D:2      | Gained mutation: You have a pair of small horns on your head. [demonic ancestry]
  1171 | D:2      | Reached XP level 3. HP: 19/29 MP: 3/3
  1293 | D:2      | Found a glowing golden altar of the Shining One.
  1702 | D:3      | Noticed Jessica
  1709 | D:3      | Killed Jessica
  1709 | D:3      | Reached ** piety under Trog
  1709 | D:3      | Gained mutation: You are slightly more attuned to the shadows. [demonic ancestry]
  1709 | D:3      | Reached XP level 4. HP: 37/37 MP: 4/4
  1794 | D:3      | Reached XP level 5. HP: 36/43 MP: 5/5
  1875 | D:3      | Found a shattered altar of Ashenzari.
  2047 | D:3      | Found a sacrificial altar of Ru.
  2094 | D:3      | Reached skill level 3 in Armour
  2158 | D:3      | Noticed Robin
  2169 | D:3      | Killed Robin
  2416 | D:4      | Reached *** piety under Trog
  2467 | D:4      | Reached skill level 1 in Short Blades
  2467 | D:4      | Gained mutation: You have a pair of horns on your head. [demonic ancestry]
  2467 | D:4      | Reached XP level 6. HP: 47/49 MP: 6/6
  2476 | D:4      | Found a sand-covered staircase.
  2502 | Ossuary  | Entered an ossuary
  2926 | Ossuary  | Reached skill level 4 in Armour
  3081 | Ossuary  | Gained mutation: Your flesh is heat resistant. (rF+) [demonic ancestry]
  3081 | Ossuary  | Reached XP level 7. HP: 41/55 MP: 7/7
  3191 | Ossuary  | Reached **** piety under Trog
  3277 | D:4      | Reached skill level 5 in Armour
  3771 | D:4      | Reached skill level 5 in Fighting
  3815 | D:4      | Noticed letownia2's ghost (amateur MfSk)
  3836 | D:4      | Killed letownia2's ghost
  3836 | D:4      | Gained mutation: You sometimes gain a little power by taking damage. [demonic ancestry]
  3836 | D:4      | Reached XP level 8. HP: 62/62 MP: 8/8
  4149 | D:4      | Found a snail-covered altar of Cheibriados.
  4438 | D:5      | Entered Level 5 of the Dungeon
  4463 | D:5      | Killed Dowan
  4593 | D:5      | Found a radiant altar of Vehumet.
  4632 | D:5      | Noticed Duvessa
  4640 | D:5      | Killed Duvessa
  4640 | D:5      | Reached skill level 6 in Armour
  4719 | D:5      | Noticed Ferkelamun's ghost (novice GnWn)
  4735 | D:5      | Killed Ferkelamun's ghost
  4943 | D:5      | Reached skill level 7 in Armour
  5368 | D:6      | Found an ancient bone altar of Kikubaaqudgha.
  5403 | D:6      | Reached XP level 9. HP: 69/69 MP: 9/9
  5549 | D:6      | Noticed Blork the orc
  5557 | D:6      | Killed Blork the orc
  5873 | D:6      | Reached skill level 5 in Short Blades
  5897 | D:6      | Found a burning altar of Makhleb.
  6066 | D:6      | Noticed Menkaure
  6078 | D:6      | Killed Menkaure
  6654 | D:6      | Found a staircase to the Ecumenical Temple.
  6698 | D:6      | Reached skill level 1 in Stealth
  7145 | D:7      | Found a stormy altar of Qazlal.
  7151 | D:7      | Reached ***** piety under Trog
  7585 | D:7      | Reached skill level 8 in Armour
  7667 | D:7      | Found Voklut's Armour Boutique.
  7676 | D:7      | Bought a +1 pair of boots of flying for 231 gold pieces
  7676 | D:7      | Bought a +0 pair of gloves for 63 gold pieces
  7732 | D:8      | Noticed Grum
  7745 | D:8      | Killed Grum
  8191 | D:8      | Reached XP level 10. HP: 79/79 MP: 10/10
  8213 | D:8      | Noticed Prince Ribbit
  8238 | D:8      | Got an ancient falchion
  8244 | D:8      | Killed Prince Ribbit
  8244 | D:8      | Reached skill level 5 in Dodging
  8245 | D:8      | Identified the +11 falchion of Due Proportion {slice, +Inv rF+ Int+4} (You found it on level 8 of the Dungeon)
  8726 | D:9      | Found a staircase to the Lair.
  8748 | D:9      | Received a gift from Trog
  8804 | D:9      | Found a hide-covered altar of Uskayaw.
  8804 | D:9      | Noticed a dagger
  8805 | D:9      | Noticed a dagger
  8854 | D:9      | Cast into level 1 of the Abyss (orc)
  8943 | Abyss:1  | Noticed a brown very ugly thing
  8943 | Abyss:1  | Noticed a brown very ugly thing
  8943 | Abyss:1  | Noticed a brown ugly thing
  8950 | Abyss:1  | Noticed an apocalypse crab
  9126 | Abyss:3  | Noticed a thrashing horror
  9137 | Abyss:3  | Killed a thrashing horror
  9139 | Abyss:3  | Reached skill level 9 in Armour
  9142 | Abyss:3  | Noticed a sun demon
  9147 | Abyss:3  | Killed a sun demon
  9162 | Abyss:3  | HP: 4/80 [ice devil (16)]
  9163 | Abyss:3  | Mangled by an ice devil

Skill      XL: |  1  2  3  4  5  6  7  8  9 10 |
---------------+-------------------------------+-----
Armour         | 2 3 4 5 7 8 9 |  9.1
Long Blades    | 3 4 |  4.9
Dodging        | 2 3 4 5 |  5.6
Fighting       | 4 5 6 7 |  7.8
Short Blades   | 1 3 4 6 |  6.9
Stealth        | 2 3 |  3.7

Action                   |  1- 3 |  4- 6 |  7- 9 | 10-12 || total
-------------------------+-------+-------+-------+-------++-------
Melee: Falchion          |    31 |       |       |    90 ||   121
       Dagger            |   119 |   291 |   193 |       ||   603
       Headbutt          |    16 |    70 |    93 |    26 ||   205
       Rapier            |       |       |   211 |    16 ||   227
Invok: Berserk           |     2 |     2 |     8 |     3 ||    15
       Brothers in Arms  |       |       |       |     1 ||     1
  Use: Scroll            |       |     4 |     6 |       ||    10
       Potion            |       |       |       |     3 ||     3
  Eat: Chunk             |     4 |     5 |    19 |     4 ||    32
       Ration            |       |     1 |     1 |     1 ||     3
Armor: Animal skin       |    11 |       |       |       ||    11
       Chain mail        |    48 |   101 |   112 |    60 ||   321
Dodge: Dodged            |    74 |   142 |   163 |    78 ||   457
       Rpst.: Falchion   |     6 |       |       |    20 ||    26
